 Dungeon Crawl Stone Soup version 0.24.0-35-gdb84b6a5db (console) character file.

Game seed: 7364178643017595083, levelgen mode: deterministic

57 AlterAsc the Firebug (level 3, 0/26 HPs)
             Began as a Draconian Fire Elementalist on Nov 17, 2019.
             Slain by an adder (4 damage)
             ... on level 1 of the Dungeon.
             The game lasted 00:02:37 (1392 turns).

AlterAsc the Firebug (Draconian Fire Elementalist)  Turns: 1392, Time: 00:02:38

Health: 0/26       AC:  5    Str: 10    XL:     3   Next: 73%
Magic:  1/6        EV: 12    Int: 16    God:
Gold:   69         SH:  0    Dex: 11    Spells: 6/7 levels left

rFire    . . .     SeeInvis .   (no weapon)
rCold    . . .     Gourm    .   (no shield)
rNeg     . . .     Faith    .   (armour unavailable)
rPois    .         Spirit   .   (helmet restricted)
rElec    .         Reflect  .   (no cloak)
rCorr    .         Harm     .   (no gloves)
MR       .....                  (no boots)
Stlth    ++........             (no amulet)
HPRegen  0.08/turn              (no ring)
MPRegen  0.10/turn              (no ring)

@: lethally poisoned (0 -> -4)
A: unfitting armour, cold-blooded, AC +5
a: no special abilities


You were on level 1 of the Dungeon.
You were not hungry.

You visited 1 branch of the dungeon, and saw 2 of its levels.

You collected 69 gold pieces.

Inventory:

Scrolls
 a - 5 scrolls of remove curse {unknown}
 g - a scroll of fog {unknown}
 h - a scroll of blinking {unknown}
Potions
 c - 2 potions of haste {unknown}
 d - a potion of resistance {unknown}
 e - a potion of flight {unknown}
 i - a potion of brilliance {unknown}
Comestibles
 b - a ration


   Skills:
 - Level 2.0 Dodging
 - Level 2.0 Stealth
 + Level 2.5 Spellcasting
 + Level 1.9 Conjurations
 * Level 3.8 Fire Magic


You had 6 spell levels left.
You knew the following spells:

 Your Spells              Type           Power        Failure   Level  Hunger
a - Flame Tongue          Conj/Fire      ##...        6%          1    #......

Your spell library contained the following spells:

 Spells                   Type           Power        Failure   Level  Hunger
 Throw Flame              Conj/Fire      ##....       10%         2    ##.....
 Conjure Flame            Conj/Fire      ##......     19%         3    ###....
 Inner Flame              Hex/Fire       #.......     26%         3    ###....
 Sticky Flame             Conj/Fire      ##......     52%         4    #####..
 Fireball                 Conj/Fire      ##........   86%         5    ######.


Dungeon Overview and Level Annotations

Branches:
Dungeon (2/15)

Altars:
Nemelex Xobeh


Innate Abilities, Weirdness & Mutations

Your plain brown scales are hard. (AC +5)
You cannot fit into any form of body armour.
You are cold-blooded and may be slowed by cold attacks.


Message History

* * * LOW HITPOINT WARNING * * *
You are lethally poisoned!
The adder poisons you!
* * * LOW HITPOINT WARNING * * *
You feel sick.
There is a stone staircase leading up here.
The adder bites you but does no damage.
You climb upwards.
* * * LOW HITPOINT WARNING * * *
You feel sick.
There is a stone staircase leading down here.
Casting: Flame Tongue (safe; 6% risk of failure)
Confirm with . or Enter, or press ? or * to list all spells.
Aiming: Flame Tongue (safe; 6% risk of failure)
Press: ? - help, Shift-Dir - straight line, f - adder
Aim: an adder (moderately wounded)
The flame tongue hits the adder.
The adder is heavily wounded.
The adder bites you.
You die...

#.#...#.########.#...###
#.#............#........
#.#...#.######.###)#####
#.#........#[...........
#.###.#.##.#.#.###.#####
########.# #.#....#.#.#
#.# #........#
#...##.#.#.# #.#
#.###########..##.#.#(#
#.# # #.#
#........@#..#.#.# #.# #
#.#
#.#######S#.##.#)###.#####
#.####.#
#.#.##.#..........
#......#
#(#.##.#####.###.#
######.#
#.#.##............ #.#
#.#.....รท...#..... ###
#(#########[......
#(#########...##.#
#.(.......#.......


You could see an adder.

Vanquished Creatures
  2 adders
  2 dart slugs
  2 leopard geckos (D:2)
  4 bats
  A giant cockroach (D:2)
  5 goblins
  6 hobgoblins
  5 kobolds (D:1)
  3 rats
30 creatures vanquished.

Notes
Turn   | Place    | Note
-------+----------+-------------------------------------------
     0 | D:1      | AlterAsc the Draconian Fire Elementalist began the quest
                  | for the Orb.
     0 | D:1      | Reached XP level 1. HP: 14/14 MP: 3/3
   308 | D:1      | Reached XP level 2. HP: 20/20 MP: 3/5
   988 | D:2      | Found a sparkling altar of Nemelex Xobeh.
  1026 | D:2      | Reached XP level 3. HP: 13/26 MP: 0/6
  1392 | D:1      | Slain by an adder

Levels and vault maps discovered:
D:1:      lightli_arrival_flooded_house, layout_basic,
          minmay_misc_feat_diagonals
D:2:      layout_basic, nemelex_xobeh_ov_fountains_minmay, uniq_robin

Skill      XL: |  1  2 |
---------------+-------+-----
Stealth        | 2 |  2.0
Dodging        | 2 |  2.0
Spellcasting   | |  2.5
Conjurations   | |  1.9
Fire Magic     | |  3.8

Action                   || total
-------------------------++-------
Melee: Unarmed           ||     7
       Tailslap          ||     2
 Cast: Flame Tongue      ||    63
  Eat: Chunk             ||     2
Armor: Skin              ||    21
Dodge: Dodged            ||    38
